 Dungeon Crawl Stone Soup version 0.32-a0-128-g77eb882913 (console) character file.

Game seed: 13813713241342725643

161 zenocrate the Sneak (level 5, -11/32 HPs)
             Began as a Kobold Delver on Feb 7, 2024.
             Mangled by an ice beast (14 damage)
             ... on level 5 of the Dungeon.
             The game lasted 00:00:48 (394 turns).

zenocrate the Sneak (Kobold Delver)                  Turns: 394, Time: 00:00:49

Health: -11/32     AC:  4    Str: 13    XL:     5   Next: 70%
Magic:  5/5        EV: 15    Int: 11    God:
Gold:   18         SH:  0    Dex: 17    Spells: 4/4 levels left

rFire   . . .        a - +0 short sword
rCold   . . .        (no shield)
rNeg    . . .        b - +0 leather armour
rPois   .            (no helmet)
rElec   .            (no cloak)
rCorr   .            i - +0 pair of gloves
SInv    +            (no boots)
Will    .....        (no amulet)
Stlth   +++++        (no ring)
HPRegen 0.25/turn    (no ring)
MPRegen 0.09/turn

%: no passive effects
@: no status effects
A: small, no large weapons, nightstalker 3, see invisible, strong 1, inability
to drink after injury 1
a: no special abilities


You were on level 5 of the Dungeon.
You visited 1 branch of the dungeon, and saw 1 of its levels.

You collected 18 gold pieces.

Inventory:

Hand Weapons
 a - a +0 short sword (weapon)
Armour
 b - a +0 leather armour (worn)
 i - a +0 pair of gloves (worn)
Wands
 g - a wand of digging (3)
Scrolls
 c - a scroll of fog
 d - a scroll of revelation
 j - 3 scrolls of acquirement {unknown}
Potions
 k - a potion of magic {unknown}


   Skills:
 - Level 3.2 Fighting
 + Level 4.4 Short Blades
 + Level 4.0 Dodging
 + Level 7.6 Stealth
 + Level 2.1 Evocations


You had 4 spell levels left.
You didn't know any spells.
Your spell library was empty.

Dungeon Overview and Level Annotations

Branches:
Dungeon (5/15)
 Temple: D:4-7

Altars:


Innate Abilities, Weirdness & Mutations

You are small and have problems with some larger weapons.
You are completely attuned to the shadows.
You have supernaturally acute eyesight. (SInv)
Your muscles are strong. (Str +4, Int/Dex -1)
You occasionally lose the ability to drink potions when taking damage.


Message History

You hit the ice beast.
You punch the ice beast, but do no damage.
The ice beast is moderately wounded.
The ice beast barely misses you.
You hit the ice beast but do no damage. Your punch misses the ice beast.
The ice beast is moderately wounded.
The ice beast barely misses you.
You closely miss the ice beast.
The ice beast is moderately wounded.
The ice beast misses you.
You hit the ice beast but do no damage.
The ice beast is moderately wounded.
You closely miss the ice beast.
The ice beast is moderately wounded.
The ice beast barely misses you.
You hit the ice beast.
The ice beast is heavily wounded.
The ice beast hits you but does no damage.
You barely miss the ice beast.
The ice beast is heavily wounded.
The ice beast hits you. The ice beast freezes you!
* * * LOW HITPOINT WARNING * * *
You are too injured to fight recklessly!
You hit the ice beast.
The ice beast is heavily wounded.
You are too injured to fight recklessly!
You barely miss the ice beast.
The ice beast is heavily wounded.
The ice beast barely misses you.
You are too injured to fight recklessly!
You hit the ice beast but do no damage.
The ice beast is heavily wounded.
The ice beast misses you.
Unknown command.
You hit the ice beast.
The ice beast is severely wounded.
The ice beast hits you.
* * * LOW HITPOINT WARNING * * *
The ice beast freezes you!
You die...

................####
.....#>............###
.....#..##+#####......
.....#... +......
...).... #####....##
###..... +........#
#..... #.#....<##
###..... .........
.....#.. ..........
........ ##...?....
(....... #...@....
........# #....Y...
.####...## #........
.####...... #........
............#........
............#
............#
............#
............#
.........†..#
............#


You could see an ice beast.

Vanquished Creatures
  A phantom (D:5)
  A scorpion (D:5)
  A hound (D:5)
  A dart slug (D:5)
4 creatures vanquished.

Notes
Turn   | Place    | Note
-------+----------+-------------------------------------------
     0 | D:5      | zenocrate the Kobold Delver began the quest for the Orb.
     0 | D:5      | Reached XP level 1. HP: 14/14 MP: 1/1
    76 | D:5      | Noticed a hound
    79 | D:5      | Killed a hound
    80 | D:5      | Reached skill level 7 in Stealth
    80 | D:5      | Reached XP level 2. HP: 19/19 MP: 2/2
    80 | D:5      | Reached XP level 3. HP: 23/23 MP: 3/3
    95 | D:5      | Noticed a phantom
    97 | D:5      | Noticed a scorpion
   116 | D:5      | Gained mutation: You occasionally lose the ability to drink
                  | potions when taking damage. [potion of mutation]
   116 | D:5      | Gained mutation: You have supernaturally acute eyesight.
                  | (SInv) [potion of mutation]
   116 | D:5      | Gained mutation: Your muscles are strong. (Str +4, Int/Dex
                  | -1) [potion of mutation]
   139 | D:5      | Killed a phantom
   140 | D:5      | Reached skill level 1 in Evocations
   140 | D:5      | Reached XP level 4. HP: 14/28 MP: 4/4
   140 | D:5      | Reached XP level 5. HP: 16/32 MP: 5/5
   343 | D:5      | Identified the +4 battleaxe of Subterfuge {drain, Will+
                  | Int+3 Dex+2}
   373 | D:5      | Noticed an ice beast
   394 | D:5      | Mangled by an ice beast

Illustrated notes

Levels and vault maps discovered:
D:5:      layout_basic, hangedman_decor_riveting

Skill      XL: |  1  2  3  4  5 |
---------------+----------------+-----
Short Blades   | 3 4 |  4.4
Dodging        | 3 4 |  4.0
Stealth        | 7 |  7.6
Evocations     | 1 2 |  2.1
Fighting       | |  3.2

Action                     |  1- 3 |  4- 6 || total
---------------------------+-------+-------++-------
  Melee: Short sword       |    41 |    40 ||    81
         Punch             |       |     1 ||     1
    Use: Potion            |     2 |       ||     2
         Scroll            |     1 |       ||     1
   Stab: Sleeping          |     1 |       ||     1
 Armour: Leather armour    |     9 |    13 ||    22
  Dodge: Dodged            |    17 |    24 ||    41

Table legend: (Time is in decaauts)
 A = Elapsed time spent in this place.
 B = Non-inter-level travel time spent in this place.
 C = Inter-level travel time spent in this place.
 D = Time resting spent in this place.
 E = Time spent auto-exploring this place.
 F = Levels seen in this place.
 G = Mean time per level.
                   A        B        C        D        E       F      G
               +--------+--------+--------+--------+--------+-----+--------+
         Total |    359 |    359 |      0 |      0 |    263 |   1 |  359.0 |
       Dungeon |    359 |    359 |      0 |      0 |    263 |   1 |  359.0 |
               +--------+--------+--------+--------+--------+-----+--------+

Top non-repeatable levels by time:
     D:5: 359 daAuts
